Map: Romanticide LE

Players

Jester - Winner!

  • Race: Terran Terran
  • League: Gold

VOD

Have the link to the VOD?

Description

Time

  • Played on: May 2, 2021, 5:28 a.m.
  • Length: 15:50
Show
View Real Time Build Order
Export as new Build Order

Jester Terran - Winner!

Build Orders:  

Get SALT Encoding   

  12  0:00  SCV  
  13  0:17  SCV  
  14  0:24  Supply Depot  
  14  0:34  SCV  
  15  0:54  SCV  
  15  0:57  Barracks  
  16  1:04  Refinery  
  16  1:11  SCV  
  17  1:28  SCV  
  18  2:03  Orbital Command  
  18  2:05  Marine  
  19  2:21  Command Center  
  18  2:46  Barracks Reactor  
  18  2:53  SCV  
  18  2:54  Supply Depot  
  19  3:10  SCV  
  19  3:14  Factory  
  20  3:27  SCV  
  21  3:39  Refinery  
  21  3:42  Marine x2  
  21  3:44  SCV  
  24  4:01  SCV  
  24  4:07  Orbital Command  
  25  4:18  SCV  
  26  4:33  Barracks Tech Lab  
  26  4:34  Starport  
  26  4:35  SCV  
  27  4:49  SCV  
  28  4:52  SCV  
  29  5:06  SCV  
  29  5:09  SCV  
  31  5:23  SCV  
  31  5:27  SCV  
  33  5:32  Starport Tech Lab  
  33  5:39  Marine  
  34  5:40  Fusion Core, SCV, Hellion x2  
  34  5:44  SCV  
  40  5:57  SCV  
  40  5:59  Supply Depot  
  41  6:04  Marine  
  42  6:10  Hellion x2  
  42  6:14  Armory  
  46  6:29  Viking, Stimpack  
  48  6:31  Supply Depot  
  48  6:55  Marine  
  48  6:56  Hellion  
  48  6:57  Hellion  
  53  7:01  SCV x2  
  55  7:10  Command Center  
  55  7:18  SCV x2  
  57  7:20  Marine  
  57  7:24  Battlecruiser  
  50  7:41  Hellion x2  
  54  7:54  Terran Vehicle And Ship Armor Level 1  
  54  7:56  SCV x2  
  56  8:03  Marine  
  57  8:11  Hellion x2  
  57  8:13  SCV x2  
  63  8:28  Marine  
  64  8:30  SCV  
  64  8:33  Refinery, SCV  
  64  8:36  Refinery  
  66  8:47  SCV  
  67  8:50  SCV x2  
  69  9:04  SCV  
  69  9:07  SCV  
  71  9:16  Marine  
  71  9:18  Hellion  
  71  9:19  Hellion  
  70  9:41  Marine  
  70  9:47  Unknown  
  70  9:48  Weapon Refit, Hellion x2  
  68  9:55  Orbital Command  
  67  10:04  Factory  
  67  10:05  Factory  
  67  10:06  Marine  
  67  10:07  Factory  
  68  10:27  Hellion  
  68  10:28  Hellion  
  72  10:47  SCV x3  
  75  10:57  Hellion  
  75  10:58  Hellion  
  79  11:04  SCV x3  
  82  11:17  Supply Depot  
  82  11:19  Supply Depot  
  82  11:21  SCV x2  
  82  11:22  Supply Depot  
  85  11:37  Hellion x2, SCV  
  85  11:38  SCV  
  85  11:39  Factory Reactor  
  91  11:40  Factory Reactor, Factory Tech Lab  
  91  11:51  Supply Depot, SCV  
  91  12:07  Battlecruiser  
  97  12:16  SCV x3  
  97  12:19  Supply Depot  
  100  12:23  Hellion x2  
  100  12:24  Hellion  
  106  12:31  Marine  
  106  12:33  SCV x3  
  106  12:37  Hellion x3  
  116  12:49  Hellion, SCV  
  118  12:53  Hellion x3  
  125  13:00  Refinery  
  125  13:01  Refinery  
  125  13:03  Command Center  
  125  13:39  Hellion  
  125  13:41  Hellion  
  125  13:56  Unknown  
  125  14:13  Infernal Pre-Igniter  
  125  14:40  Hellion  
  125  14:43  Hellbat x2, Marine, SCV x3, Hellion x4  
  137  14:57  Orbital Command  
  137  15:00  SCV x3  
  137  15:03  Refinery  
  137  15:08  Marine  
  139  15:14  Hellion  
  139  15:17  SCV  
  140  15:33  Supply Depot  
  140  15:38  Supply Depot  
Tags
 
League
Gold
Matchup
Co-op
Add a new tag
Caveats
  • Supply blocks, unpowered buildings, or Contaminate may cause inaccurate times.
  • Supply counts are checked every 10 seconds.